 Dungeon Crawl Stone Soup version 0.13-a0-2485-g242ae62 (webtiles) character file.

1564 Rycklaryybbe the Martial Artist (level 8, -3/63 HPs)
             Began as a Red Draconian Monk on July 21, 2013.
             Was a Believer of Okawaru.
             Slain by a yak skeleton (10 damage)
             ... on Level 7 of the Dungeon.
             The game lasted 00:14:54 (5392 turns).

Rycklaryybbe the Martial Artist (DrMo)              Turns: 5392, Time: 00:14:54

HP  -3/63        AC  7     Str 12 (13) XL: 8   Next: 35%
MP   6/7         EV 17     Int 10      God: Okawaru [**....]
Gold 221         SH  0     Dex 16 (17) Spells:  0 memorised,  7 levels left

Res.Fire  : + + .   See Invis. : .     - Unarmed
Res.Cold  : . . .   Warding    : .   (armour unavailable)
Life Prot.: . . .   Conserve   : .   (no shield)
Res.Poison: .       Res.Corr.  : .   (helmet restricted)
Res.Elec. : .       Clarity    : .   (no cloak)
Sust.Abil.: . .     Spirit.Shd : .   (no gloves)
Res.Mut.  : +       Stasis     : .   i - +0 pair of boots (curse)
Res.Rott. : .       Flight     : .   v - amulet of resist mutation
Saprovore : . . .                    d - ring of sustenance
                                     h - cursed ring of protection from fire

@: heroism, slightly resistant to hostile enchantments, quite stealthy
A: breathe fire, unfitting armour, deterioration 1, fire resistance 1, fast
metabolism 2, AC +6
a: Breathe Fire, Heroism, Renounce Religion


You were on level 7 of the Dungeon.
You worshipped Okawaru.
Okawaru was greatly pleased with you.
You were hungry.

You visited 1 branch of the dungeon, and saw 7 of its levels.

You collected 221 gold pieces.

Inventory:

Missiles
 j - a throwing net (quivered)
 m - a throwing net [frayed]
 u - 15 poisoned needles
Armour
 i - a cursed +0 pair of boots (worn)
Magical devices
 o - a wand of paralysis (13) {unknown}
 q - a wand of confusion (12) {unknown}
Comestibles
 b - 5 bread rations
 n - a cheese
 p - a honeycomb
 w - a meat ration
 x - a chunk of rat flesh
Scrolls
 c - a scroll of amnesia
 e - 3 scrolls of enchant armour
 f - 4 scrolls of identify
 k - 2 scrolls of teleportation
 l - a scroll of fear {unknown}
 r - 2 scrolls of remove curse {unknown}
 t - a scroll of enchant weapon II
Jewellery
 d - a ring of sustenance (right hand)
 h - a cursed ring of protection from fire (left hand)
 s - an uncursed ring of flight
 v - an amulet of resist mutation (around neck)
Potions
 a - a potion of berserk rage
 g - 4 potions of might


   Skills:
 - Level 3.2(8.2) Fighting
 - Level 2.6(7.6) Dodging
 - Level 1.7(6.7) Stealth
 + Level 10.9(15.9) Unarmed Combat


You had 7 spell levels left.
You didn't know any spells.

Dungeon Overview and Level Annotations

Branches:
Dungeon (7/27)             Temple (0/1) D:6
    Orc: D:6-11

Altars:
Cheibriados
Makhleb
Okawaru
Trog

Shops:
D:4: ?+


Innate Abilities, Weirdness & Mutations

You can breathe blasts of fire.
Your fiery red scales are hard (AC +6).
Your body does not fit into most forms of armour.
Your cold-blooded metabolism reacts poorly to cold.
Your flesh is heat resistant.
Your body is slowly deteriorating.
You have a very fast metabolism.


Message History

You struggle against the net.
The gnoll completely misses you. The gnoll hits you but does no damage.
The yak skeleton gores you.
You slip out of the net!
The gnoll barely misses you. The gnoll misses you.
The yak skeleton closely misses you.
You pummel the gnoll!!
You kill the gnoll!
Okawaru accepts your kill. The gnoll completely misses you.
The yak skeleton gores you!
* * * LOW HITPOINT WARNING * * *
You see here a spear.
You punch the gnoll!
You kill the gnoll!
Okawaru accepts your kill.
You punch the yak skeleton! You hit the yak skeleton.
You tail-slap the yak skeleton, but do no damage.
The yak skeleton gores you!
* * * LOW HITPOINT WARNING * * *
You punch the yak skeleton! The yak skeleton gores you!
You die...

#....# ##.'......#
#....# ##..#..<...#
#....####..##......#
+....#....###......#
#....#.#### #......#
#....'.# #......#
#....### #####+##
###)### #@Zz# ###'#
#.......z..#
.............
.....###...### .../.
.z.# ... ...# . ...[
....


You could see a yak skeleton and a big kobold skeleton.

Vanquished Creatures
  Prince Ribbit (D:5)
  A hill giant zombie (D:4)
  2 phantoms
  An ice beast (D:5)
  An ogre (D:4)
  A crimson imp (D:5)
  A hound (D:4)
  A centaur skeleton (D:3)
  3 iguanas
  5 worker ants
  An orc wizard (D:6)
  A scorpion (D:6)
  Ijyb (D:2)
  A mummy (D:7)
  3 gnolls (D:7)
  7 adders
  A giant mite (D:5)
  5 worms
  An adder zombie (D:6)
  A giant eyeball (D:5)
  4 giant geckos
  An ooze (D:2)
  7 orcs
  2 giant cockroaches (D:2)
  11 hobgoblins
  13 jackals
  16 kobolds
  2 quokkas
  13 bats
  6 giant newts
  9 goblins
  43 rats
166 creatures vanquished.

Notes
Turn   | Place    | Note
--------------------------------------------------------------
     0 | D:1      | Rycklaryybbe, the Draconian Monk, began the quest for the Orb.
     0 | D:1      | Reached XP level 1. HP: 17/17 MP: 0/0
   224 | D:1      | Reached XP level 2. HP: 19/24 MP: 1/1
   880 | D:2      | Reached skill level 5 in Unarmed Combat
   880 | D:2      | Reached XP level 3. HP: 30/30 MP: 2/2
   990 | D:2      | Noticed Ijyb
  1021 | D:2      | Killed Ijyb
  1320 | D:2      | Reached XP level 4. HP: 37/37 MP: 3/3
  1735 | D:3      | Reached skill level 6 in Unarmed Combat
  1884 | D:3      | Reached XP level 5. HP: 36/44 MP: 4/4
  2588 | D:3      | Found a burning altar of Makhleb.
  2840 | D:4      | Found Ibluche's Magic Scroll Shoppe.
  2867 | D:4      | Gained mutation: You have a fast metabolism. [potion of mutation]
  2867 | D:4      | Gained mutation: Your body is slowly deteriorating. [potion of mutation]
  2867 | D:4      | Gained mutation: You have a very fast metabolism. [potion of mutation]
  2869 | D:4      | Paralysed by a potion of paralysis for 5 turns
  2939 | D:4      | Noticed an ogre
  2948 | D:4      | Killed an ogre
  2948 | D:4      | Reached skill level 7 in Unarmed Combat
  2948 | D:4      | Reached XP level 6. HP: 50/50 MP: 5/5
  2956 | D:4      | Found an iron altar of Okawaru.
  2956 | D:4      | Found a snail-covered altar of Cheibriados.
  2960 | D:4      | Became a worshipper of Warmaster Okawaru
  2960 | D:4      | Acquired Okawaru's first power
  3007 | D:4      | Noticed a hill giant zombie
  3040 | D:4      | Killed a hill giant zombie
  3040 | D:4      | Reached skill level 8 in Unarmed Combat
  3100 | D:4      | Found Skaura's Book Emporium.
  3503 | D:4      | Your scales start taking on a fiery red colour.
  3503 | D:4      | Gained mutation: Your flesh is heat resistant. [draconian maturity]
  3503 | D:4      | Reached XP level 7. HP: 50/56 MP: 6/6
  3516 | D:5      | Entered Level 5 of the Dungeon
  3685 | D:5      | Reached skill level 9 in Unarmed Combat
  4008 | D:5      | Paralysed by a giant eyeball for 2 turns
  4070 | D:5      | Noticed Prince Ribbit
  4472 | D:5      | Found a bloodstained altar of Trog.
  4623 | D:5      | Killed Prince Ribbit
  4623 | D:5      | Reached skill level 10 in Unarmed Combat
  4623 | D:5      | Reached XP level 8. HP: 47/63 MP: 5/7
  4969 | D:6      | Found a staircase to the Ecumenical Temple.
  5392 | D:7      | Slain by a yak skeleton

Action                   |  1- 3 |  4- 6 |  7- 9 || total
-------------------------+-------+-------+-------++-------
Melee: Unarmed           |   151 |   209 |   195 ||   555
Throw: Throwing net      |       |     1 |     4 ||     5
Invok: Heroism           |       |       |     3 ||     3
 Abil: Evoke Flight      |       |     1 |       ||     1
Evoke: Wand              |       |       |     1 ||     1
  Use: Scroll            |       |    11 |     1 ||    12
       Potion            |       |     7 |     4 ||    11
 Stab: Sleeping          |     3 |     4 |     3 ||    10
